[Event "ICCopen2017"]
[Site "Internet Chess Club"]
[Date "2017.03.19"]
[Round "11"]
[White "charlestehace"]
[Black "Fighterman"]
[Result "1-0"]
[ICCResult "Black resigns"]
[WhiteElo "3133"]
[BlackElo "2478"]
[Opening "Robatsch (modern) defense"]
[ECO "B06"]
[NIC "KF.05"]
[Time "21:15:00"]
[TimeControl "180+0"]

1. e4 g6 2. d4 Bg7 3. Nc3 d6 4. Be3 c6 5. a4 Nd7 6. Nf3 e5 7. Bc4 exd4 8.
Bxd4 Ngf6 9. O-O O-O 10. h3 Qe7 11. Re1 Ne5 12. Bf1 Rd8 13. Nd2 g5 14. Nc4
g4 15. hxg4 Nfxg4 16. Bxe5 dxe5 17. Qf3 Qh4 18. Qh3 Qxh3 19. gxh3 Nh6 20.
Rad1 Be6 21. Nd6 Rd7 22. a5 Bf6 23. a6 b6 24. Nb7 Rxd1 25. Rxd1 Be7 26. b3
Kf8 27. Kg2 b5 28. Ne2 Ng8 29. f4 Bf6 30. Nc5 Ne7 31. Rd6 exf4 32. Nxf4 Be5
33. Nfxe6+ fxe6 34. Nd7+ {Black resigns} 1-0

[Event "ICCopen2017"]
[Site "Internet Chess Club"]
[Date "2017.03.19"]
[Round "11"]
[White "watchout"]
[Black "Zephyr"]
[Result "0-1"]
[ICCResult "White checkmated"]
[WhiteElo "1411"]
[BlackElo "1560"]
[Opening "Caro-Kann: classical variation"]
[ECO "B18"]
[NIC "CK.10"]
[Time "21:14:26"]
[TimeControl "180+0"]

1. e4 c6 2. d4 d5 3. Nc3 dxe4 4. Nxe4 Bf5 5. Bd3 Qxd4 6. Nf3 Qd5 7. Nfd2 e6
8. O-O Nd7 9. Nb3 Bxe4 10. Bxe4 Qxd1 11. Rxd1 Ngf6 12. Bf3 Be7 13. Be3 O-O-O
14. Rd2 Ne5 15. Rad1 Nxf3+ 16. gxf3 b6 17. Rxd8+ Rxd8 18. Rxd8+ Kxd8 19. Nd4
Kd7 20. Kf1 Nd5 21. Ke2 Bf6 22. c3 Nxe3 23. fxe3 Bxd4 24. exd4 Kd6 25. Ke3
b5 26. Kd3 a5 27. b3 f6 28. c4 g5 29. Ke4 h5 30. c5+ Ke7 31. a4 b4 32. f4
f5+ 33. Ke5 g4 34. d5 cxd5 35. c6 h4 36. c7 Kd7 37. c8=Q+ Kxc8 38. Kxe6 d4
39. Kxf5 d3 40. Kxg4 d2 41. Kxh4 d1=Q 42. Kg5 Qxb3 43. f5 Qg8+ 44. Kh6 Qg2
45. f6 Qxh2+ 46. Kg7 Qf4 47. f7 b3 48. f8=Q+ Qxf8+ 49. Kxf8 b2 50. Ke7 b1=Q
51. Kd6 Qb4+ 52. Ke6 Qxa4 53. Ke5 Qb4 54. Kd5 a4 55. Ke5 a3 56. Kd5 a2 57.
Ke5 a1=Q+ 58. Kd5 Qaa5+ 59. Ke6 Qbb6+ 60. Ke7 Qaa7+ 61. Kf8 Qf6+ 62. Ke8
Qfe7# {White checkmated} 0-1

[Event "ICCopen2017"]
[Site "Internet Chess Club"]
[Date "2017.03.19"]
[Round "11"]
[White "Cramagica"]
[Black "cap78red"]
[Result "1/2-1/2"]
[ICCResult "White ran out of time and Black has no material to mate"]
[WhiteElo "1126"]
[BlackElo "1307"]
[Opening "Bird's opening"]
[ECO "A02"]
[NIC "VO.07"]
[Time "21:14:30"]
[TimeControl "180+0"]

1. f4 Nf6 2. Nf3 g6 3. e3 d6 4. b3 Bg7 5. Bb2 O-O 6. Nc3 c5 7. Ne2 b5 8. Ng3
c4 9. bxc4 bxc4 10. Bxc4 Nh5 11. Bxg7 Nxg7 12. c3 Ba6 13. Bxa6 Nxa6 14. O-O
Nc5 15. d4 Nce6 16. Qd3 Qc7 17. Rfc1 Rab8 18. h3 Rfc8 19. Rc2 Rb4 20. cxb4
Qxc2 21. Qxc2 Rxc2 22. a4 Rb2 23. b5 Nf5 24. Nxf5 gxf5 25. Ng5 Nxg5 26. fxg5
Kf8 27. g4 f6 28. gxf6 exf6 29. gxf5 Ke7 30. Ra3 Kd7 31. e4 d5 32. exd5 Kd6
33. h4 Kxd5 34. Rg3 Kxd4 35. Rg4+ Ke5 36. Rg7 Kxf5 37. Rxh7 Kg4 38. h5 Kg3
39. Kf1 Ra2 40. Rxa7 Rb2 41. h6 Kf3 42. Ke1 Rh2 43. h7 f5 44. b6 f4 45. a5
Ke3 46. Re7+ Kd4 47. b7 f3 48. b8=Q f2+ 49. Kf1 Rh1+ 50. Kxf2 Rb1 51. Qxb1
Kd5 {White ran out of time and Black has no material to mate} 1/2-1/2

[Event "ICCopen2017"]
[Site "Internet Chess Club"]
[Date "2017.03.19"]
[Round "11"]
[White "jajaba"]
[Black "alan2015"]
[Result "1-0"]
[ICCResult "Black forfeits on time"]
[WhiteElo "1850"]
[BlackElo "1497"]
[Opening "Réti opening"]
[ECO "A05"]
[NIC "QP.11"]
[Time "21:14:07"]
[TimeControl "180+0"]

1. Nf3 Nf6 2. Nc3 d5 3. d3 Bf5 4. Bg5 e6 5. Qd2 Be7 6. O-O-O h6 7. Bh4 Bh7
8. e3 Nc6 9. Kb1 Qd7 10. h3 O-O-O 11. Bg3 a6 12. d4 Bd6 13. Ne5 Bxe5 14.
dxe5 Ne4 15. Nxe4 Bxe4 16. f3 Bh7 17. Bd3 Bxd3 18. cxd3 f6 19. exf6 gxf6 20.
Rc1 e5 21. Rc2 Kb8 22. Rhc1 Rc8 23. Qc3 d4 24. Qb3 Ka8 25. e4 Qd6 26. Be1
Rhg8 27. Qa4 Na7 28. g4 c5 29. Qb3 b5 30. Qf7 Rgf8 31. Qg6 Qe7 32. Bg3 c4
33. Rd2 c3 34. Rdc2 Qb4 35. b3 Nc6 36. f4 Qa3 37. Qf5 Nb4 38. Qe6 Nxc2 39.
Rxc2 Qc5 40. f5 Qc6 41. Qxc6+ Rxc6 42. Rf2 b4 43. Kc2 Rfc8 44. Bh4 Rf8 45.
Rg2 Rc5 46. Be1 Ra5 47. Kb1 Kb7 48. Rc2 Kc7 49. Bg3 Kd7 50. h4 Kd6 51. Bf2
Ke7 52. Be1 Rc8 53. Bg3 Rb8 54. Bh2 Rb7 55. Bg3 Rb6 56. g5 Rc6 57. g6 Rcc5
58. g7 Kf7 59. g8=Q+ Kxg8 60. Be1 Kg7 61. Rg2+ Kf7 62. Rc2 Ra3 63. Bg3 Rca5
64. h5 Rc5 65. Bh4 a5 66. Rf2 a4 67. Rc2 axb3 68. axb3 {Black forfeits on
time} 1-0

[Event "ICCopen2017"]
[Site "Internet Chess Club"]
[Date "2017.03.19"]
[Round "11"]
[White "turolo"]
[Black "shirovinster"]
[Result "0-1"]
[ICCResult "White forfeits on time"]
[WhiteElo "1849"]
[BlackElo "1754"]
[Opening "Queen's bishop game"]
[ECO "A45"]
[NIC "QP.07"]
[Time "21:14:38"]
[TimeControl "180+0"]

1. d4 Nf6 2. Bf4 d5 3. Nf3 e6 4. e3 Bd6 5. Bg3 a6 6. Bd3 O-O 7. Nbd2 Nbd7 8.
c3 Qe7 9. Ne5 c5 10. Ndf3 Ne4 11. Bc2 f5 12. Qe2 b5 13. dxc5 Nxg3 14. hxg3
Bxe5 15. g4 Bc7 16. Nd4 Nxc5 17. gxf5 exf5 18. O-O-O Ne4 19. Qh5 g6 20. Qe2
b4 21. Bb3 Bb7 22. c4 Rac8 23. Kb1 Rfd8 24. cxd5 Bxd5 25. Bc2 Qf7 26. Nb3 a5
27. Rxd5 Rxd5 28. Nd4 Nc5 29. Qb5 Rb8 30. Qc6 a4 31. b3 a3 32. Rc1 Qd7 33.
Qf6 Rd6 34. Qg5 Qd8 {White forfeits on time} 0-1

[Event "ICCopen2017"]
[Site "Internet Chess Club"]
[Date "2017.03.19"]
[Round "11"]
[White "GmGolden1"]
[Black "lazywillis"]
[Result "0-1"]
[ICCResult "White forfeits on time"]
[WhiteElo "1540"]
[BlackElo "1215"]
[Opening "Sicilian"]
[ECO "B54"]
[NIC "SI.01"]
[Time "21:14:29"]
[TimeControl "180+0"]

1. e4 c5 2. Nf3 d6 3. d4 cxd4 4. Nxd4 g6 5. Nc3 a6 6. Be3 Bg7 7. Qd2 Nf6 8.
f3 b5 9. O-O-O Bb7 10. g4 Nbd7 11. h4 h5 12. g5 Nh7 13. f4 Nc5 14. Bd3 Nxd3+
15. cxd3 Qa5 16. Kb1 Rc8 17. Rhf1 b4 18. Nd5 e6 19. Nxb4 Bf8 20. Nb3 Qb5 21.
Bd4 Rg8 22. f5 a5 23. fxg6 fxg6 24. Nc2 a4 25. Nc1 e5 26. Bc3 d5 27. exd5 a3
28. b3 Qc5 29. Bxe5 Bxd5 30. Rde1 Kd8 31. d4 Qb5 32. Rxf8+ Rxf8 33. Nd3 Bxb3
34. axb3 Qxb3+ 35. Ka1 Rxc2 36. Qa5+ Kd7 37. Nc5+ Kc6 38. Qa6+ Qb6 39. Qxb6+
Kxb6 40. Nd7+ Kc6 41. Nxf8 a2 42. Rb1 Kd5 43. Rb2 Rc1+ {White forfeits on
time} 0-1

[Event "ICCopen2017"]
[Site "Internet Chess Club"]
[Date "2017.03.19"]
[Round "11"]
[White "Ancient"]
[Black "simplerxiao"]
[Result "0-1"]
[ICCResult "White forfeits on time"]
[WhiteElo "2008"]
[BlackElo "2100"]
[Opening "Sicilian: Taimanov (Bastrikov) variation"]
[ECO "B47"]
[NIC "SI.40"]
[Time "21:14:14"]
[TimeControl "180+0"]

1. e4 c5 2. Nf3 e6 3. d4 cxd4 4. Nxd4 Nc6 5. Nc3 Qc7 6. Nxc6 Qxc6 7. Bd3 Bc5
8. O-O Ne7 9. Kh1 O-O 10. f4 f5 11. e5 a6 12. Qe2 b5 13. Be3 Bxe3 14. Qxe3
Bb7 15. Rf2 Ng6 16. Rg1 Rac8 17. Ne2 Qd5 18. a3 Ba8 19. Nc3 Qc6 20. Ne2 Rc7
21. Nd4 Qd5 22. Nf3 Rfc8 23. Ng5 h6 24. Nf3 Qc5 25. Qxc5 Rxc5 26. Nd4 Rd5
27. c3 Ne7 28. h3 Nc6 29. Nxc6 Rxc6 30. Bc2 Rc8 31. Bb3 Rdc5 32. Rd1 Bc6 33.
Kg1 a5 34. g4 g6 35. gxf5 gxf5 36. Kh2 Kf7 37. Rg1 Rg8 38. Rxg8 Kxg8 39. Rf1
Kf7 40. Kg3 Bd5 41. Bd1 Bc4 42. Rg1 Rd5 43. Bh5+ Ke7 44. Kh4 Rd2 45. Rg7+
Kd8 46. Rg6 Rxb2 47. Rxh6 Rb3 48. Rh8+ Kc7 49. Kg5 Rxa3 50. h4 Rxc3 51. Be8
Rg3+ 52. Kf6 a4 53. Rh7 a3 54. Rxd7+ Kb6 55. Rd6+ Ka5 56. Rd8 a2 57. Ra8+
Kb4 58. h5 Rg1 59. h6 a1=Q 60. Rxa1 Rxa1 61. Bh5 Rh1 62. Kg6 Be2
{White forfeits on time}
0-1

[Event "ICCopen2017"]
[Site "Internet Chess Club"]
[Date "2017.03.19"]
[Round "11"]
[White "pabrazilian"]
[Black "Littlejack1"]
[Result "1-0"]
[ICCResult "Black forfeits on time"]
[WhiteElo "1394"]
[BlackElo "1305"]
[Opening "Four knights: Italian variation"]
[ECO "C47"]
[NIC "KP.06"]
[Time "21:15:33"]
[TimeControl "180+0"]

1. e4 e5 2. Nf3 Nc6 3. Nc3 Nf6 4. Bc4 Nxe4 5. Bxf7+ Kxf7 6. Nxe4 h6 7. d3
Be7 8. Bd2 Rf8 9. Qe2 Kg8 10. O-O-O d5 11. Nc3 Bd6 12. Nxd5 Be6 13. c4 Qd7
14. h3 a6 15. Rhe1 b5 16. Bc3 bxc4 17. dxc4 Ne7 18. Nxe5 Bxe5 19. Nxe7+ Qxe7
20. Qxe5 Rfe8 21. f4 {Black forfeits on time} 1-0

[Event "ICCopen2017"]
[Site "Internet Chess Club"]
[Date "2017.03.19"]
[Round "11"]
[White "lustigbridge"]
[Black "LittleMaster"]
[Result "0-1"]
[ICCResult "White forfeits on time"]
[WhiteElo "1847"]
[BlackElo "2326"]
[Opening "Sicilian: Smith-Morra gambit"]
[ECO "B32"]
[NIC "OI.09"]
[Time "21:15:22"]
[TimeControl "180+0"]

1. d4 c5 2. e4 cxd4 3. Nf3 Nc6 4. c3 e5 5. Bc4 Be7 6. O-O d6 7. cxd4 exd4 8.
Nxd4 Nf6 9. Nc3 O-O 10. Bg5 h6 11. Bh4 Qb6 12. Nxc6 bxc6 13. Bb3 Be6 14.
Bxe6 fxe6 15. Qc2 Rf7 16. Rad1 Raf8 17. h3 g5 18. Bg3 Nh5 19. Bxd6 Bxd6 20.
Rxd6 Ng3 21. Na4 Qb4 22. e5 Nxf1 23. Qg6+ Rg7 24. Qxe6+ Rff7 25. Rd8+ Kh7
26. Nc3 Qf4 27. Nd1 Nd2 28. Qe8 Rf8 29. Qxf8 Qxf8 30. Rxf8 Re7 31. Rf6 Rxe5
32. Ne3 Kg7 33. Rxc6 Ra5 34. Rc7+ Kf6 35. Rc2 Ne4 36. b3 Nd6 37. b4 Ra4 38.
Nc4 Nxc4 39. Rxc4 Rxa2 40. Rc7 a5 41. Rc6+ Kf5 42. b5 a4 43. b6 Rb2 44. b7
Rxb7 45. Ra6 Rb4 {White forfeits on time} 0-1

[Event "ICCopen2017"]
[Site "Internet Chess Club"]
[Date "2017.03.19"]
[Round "11"]
[White "JUGGERNOT"]
[Black "Jude"]
[Result "0-1"]
[ICCResult "White checkmated"]
[WhiteElo "1774"]
[BlackElo "1943"]
[Opening "Bird's opening"]
[ECO "A02"]
[NIC "VO.07"]
[Time "21:15:09"]
[TimeControl "180+0"]

1. f4 c5 2. Nf3 g6 3. e4 Bg7 4. Be2 Nc6 5. O-O a6 6. c3 d5 7. e5 Bg4 8. d4
cxd4 9. cxd4 e6 10. Be3 Nge7 11. Bd3 Bf5 12. Nc3 Bxd3 13. Qxd3 Nf5 14. Bf2
h5 15. Rad1 Bf8 16. a3 b5 17. Ne2 Rc8 18. Ng3 Nh6 19. h3 h4 20. Ne2 Be7 21.
Rc1 Nf5 22. Rc2 Qb6 23. Rfc1 Kd7 24. Kh2 b4 25. g4 hxg3+ 26. Nxg3 Nxg3 27.
Bxg3 Na5 28. Rxc8 Rxc8 29. Rxc8 Kxc8 30. Qc2+ Qc7 31. Qxc7+ Kxc7 32. axb4
Nc6 33. Be1 Kb6 34. Ng5 Bxg5 35. fxg5 Nxd4 36. Bc3 Nf3+ 37. Kg3 Nxg5 38.
Bd4+ Kb5 39. Bc5 Ne4+ 40. Kf4 Nxc5 41. bxc5 Kxc5 42. Kg5 d4 43. Kf6 d3 44.
Kxf7 d2 45. Kxe6 d1=Q 46. Ke7 Kd5 47. e6 Qe2 48. Kf6 Qxe6+ 49. Kg5 Qxh3 50.
Kxg6 Qb3 51. Kf6 Qxb2+ 52. Kf7 Qe2 53. Kf6 Qe5+ 54. Kf7 Kd6 55. Kg6 Qf4 56.
Kg7 Ke6 57. Kg6 Qf5+ 58. Kg7 Qg5+ 59. Kf8 Qe7+ 60. Kg8 Kf6 61. Kh8 Qg7#
{White checkmated}
0-1

[Event "ICCopen2017"]
[Site "Internet Chess Club"]
[Date "2017.03.19"]
[Round "11"]
[White "x-plica"]
[Black "rjohnson812"]
[Result "1-0"]
[ICCResult "Black forfeits on time"]
[WhiteElo "1360"]
[BlackElo "1375"]
[Opening "Alekhine's defense: Maróczy variation"]
[ECO "B02"]
[NIC "AL.10"]
[Time "21:14:34"]
[TimeControl "180+0"]

1. e4 Nf6 2. d3 e5 3. Nf3 Nc6 4. Be2 d5 5. O-O dxe4 6. dxe4 Bg4 7. Qxd8+
Rxd8 8. Bg5 Be7 9. Nc3 h6 10. Bxf6 Bxf6 11. Nd5 Rd7 12. Nxf6+ gxf6 13. Rad1
Ke7 14. Rxd7+ Kxd7 15. h3 Bxf3 16. Bxf3 Nd4 17. Rd1 Ke7 18. Bg4 Rd8 19. c3
Nb5 20. Kf1 Nd6 21. Bf3 c6 22. b3 f5 23. exf5 Nxf5 24. Re1 f6 25. Bg4 Nd6
26. f4 e4 27. Bf3 f5 28. Be2 Kf6 29. g4 Nc8 30. gxf5 Kxf5 31. Bg4+ Kxf4 32.
Bxc8 Rxc8 33. Kg2 Rg8+ 34. Kh2 e3 35. Rf1+ Ke4 36. Rf7 e2 37. Re7+ Kf3 38.
Rf7+ Ke3 39. Re7+ Kd2 40. Rd7+ Kxc3 41. Re7 Kd2 42. Rd7+ Ke1 43. Re7 b5 44.
a3 c5 45. Re5 c4 46. bxc4 bxc4 47. Re3 Rc8 48. Kg2 Rf8 49. a4 Rf2+ 50. Kg1
Rf1+ 51. Kg2 Rf2+ 52. Kg1 Rf1+ 53. Kg2 Rf2+ 54. Kg3 Kf1 55. Rxe2 Kxe2 56. h4
{Black forfeits on time}
1-0

[Event "ICCopen2017"]
[Site "Internet Chess Club"]
[Date "2017.03.19"]
[Round "11"]
[White "vbtry3"]
[Black "tonychess2014"]
[Result "0-1"]
[ICCResult "White checkmated"]
[WhiteElo "1725"]
[BlackElo "1812"]
[Opening "Pirc defense"]
[ECO "B07"]
[NIC "PU.04"]
[Time "21:14:08"]
[TimeControl "180+0"]

1. e4 d6 2. d4 Nf6 3. Nc3 g6 4. f3 Bg7 5. Be3 O-O 6. Qd2 e5 7. O-O-O exd4 8.
Bxd4 Nc6 9. Be3 Be6 10. Kb1 Ne5 11. h4 h5 12. Nh3 Bxh3 13. Rxh3 a6 14. Bh6
b5 15. Bxg7 Kxg7 16. Nd5 Nxd5 17. Qxd5 Qf6 18. Be2 Rab8 19. c3 b4 20. c4 b3
21. a3 Rfd8 22. g4 c6 23. Qd4 c5 24. Qd5 Rb6 25. gxh5 Nc6 26. hxg6 fxg6 27.
h5 Ne7 28. h6+ Kh7 29. Qd3 Nc6 30. f4 Nd4 31. f5 gxf5 32. Rg1 Rd7 33. exf5
Nxe2 34. Rg7+ Rxg7 35. hxg7+ Kxg7 36. Rh2 Nf4 37. Qg3+ Ng6 38. fxg6 Qxg6+
39. Ka1 Qxg3 40. Rh1 Qg2 41. Rc1 d5 42. a4 Rb4 43. Kb1 Rxa4 44. Rc3 Ra1+ 45.
Kxa1 Qg1+ 46. Rc1 Qxc1# {White checkmated} 0-1

[Event "ICCopen2017"]
[Site "Internet Chess Club"]
[Date "2017.03.19"]
[Round "11"]
[White "blackending"]
[Black "MassCarnage"]
[Result "0-1"]
[ICCResult "White forfeits on time"]
[WhiteElo "1623"]
[BlackElo "1868"]
[Opening "St. George (Baker) defense"]
[ECO "B00"]
[NIC "VO.17"]
[Time "21:15:02"]
[TimeControl "180+0"]

1. e4 a6 2. d4 b5 3. a4 b4 4. Nf3 Bb7 5. Bd3 e6 6. O-O Nf6 7. Re1 d6 8. Bg5
h6 9. Bxf6 gxf6 10. e5 fxe5 11. dxe5 Nd7 12. c3 Rg8 13. Kh1 Nxe5 14. Be4
Bxe4 15. Rxe4 Ng4 16. Qe2 d5 17. Rxe6+ Kd7 18. Rxa6 Rxa6 19. Qxa6 Nxf2+ 20.
Kg1 Nh3+ 21. Kh1 Nf4 22. Qb5+ c6 23. Qb7+ Qc7 24. Ne5+ Kd6 25. Qxb4+ Kxe5
26. Qd4+ Kf5 27. g3 Ne6 28. Qf2+ Kg6 29. Nd2 Bc5 30. Qf3 f5 31. Nb3 Ba7 32.
Nd4 Nxd4 33. cxd4 Rf8 34. Rf1 Bxd4 35. g4 Kh7 36. gxf5 Qe5 37. Qh5 Qe4+ 38.
Rf3 Rf6 {White forfeits on time} 0-1

[Event "ICCopen2017"]
[Site "Internet Chess Club"]
[Date "2017.03.19"]
[Round "11"]
[White "dashingfox"]
[Black "Mysterious17"]
[Result "1-0"]
[ICCResult "Black forfeits on time"]
[WhiteElo "1820"]
[BlackElo "1660"]
[Opening "Alekhine's defense: Scandinavian variation"]
[ECO "B02"]
[NIC "AL.10"]
[Time "21:14:15"]
[TimeControl "180+0"]

1. e4 Nf6 2. Nc3 d5 3. e5 d4 4. exf6 dxc3 5. fxg7 cxd2+ 6. Qxd2 Qxd2+ 7.
Bxd2 Bxg7 8. O-O-O Be6 9. a3 Nd7 10. Nf3 O-O-O 11. Ng5 Bd5 12. c4 Bc6 13.
Nxf7 Nc5 14. Nxd8 Be4 15. Re1 Nb3+ 16. Kd1 Rxd8 17. Rxe4 Rxd2+ 18. Ke1 Rxb2
19. Re3 Bd4 20. Rd3 Rb1+ 21. Ke2 Nc1+ 22. Kd2 Nxd3 23. Kxd3 Bxf2 24. g3 e6
25. Ke2 Bc5 26. a4 Ra1 27. Kd3 Rxa4 28. Bh3 Kd7 29. Rd1 Ke7 30. Re1 Ra6 31.
Re5 Bd6 32. Rxe6+ Kf8 33. Rf6+ Kg7 34. Rf2 Bc5 35. Rb2 Rd6+ 36. Ke2 b6 37.
Rd2 Rxd2+ 38. Kxd2 a5 39. Kc3 a4 40. Bf5 a3 41. Bb1 Kf6 42. h3 h6 43. g4 Ke5
44. Ba2 Kf4 45. Bb1 Kg3 46. g5 hxg5 47. h4 gxh4 48. Ba2 h3 49. Bb1 h2 50.
Be4 h1=Q 51. Bxh1 Kf2 52. Be4 Ke3 53. Bb1 Ke2 54. Ba2 Ke3 55. Bb3 Kf4 56.
Ba2 Kg3 57. Bb3 Kf2 58. Ba2 Ke3 59. Bb3 Kf4 60. Ba4 {Black forfeits on time}
1-0

[Event "ICCopen2017"]
[Site "Internet Chess Club"]
[Date "2017.03.19"]
[Round "11"]
[White "Activekids"]
[Black "fueguino"]
[Result "1-0"]
[ICCResult "Black checkmated"]
[WhiteElo "1995"]
[BlackElo "1865"]
[Opening "Sicilian: closed"]
[ECO "B23"]
[NIC "SI.44"]
[Time "21:15:36"]
[TimeControl "180+0"]

1. e4 c5 2. Nc3 d6 3. g3 g6 4. Bg2 Bg7 5. d3 e6 6. Be3 Nc6 7. Qd2 h5 8. Nf3
Nge7 9. O-O-O Rb8 10. d4 cxd4 11. Nxd4 Ne5 12. Ndb5 Nc4 13. Nxd6+ Nxd6 14.
Qxd6 Qxd6 15. Rxd6 Nc6 16. Nb5 O-O 17. a4 a6 18. Na3 Na5 19. Bb6 Nc6 20.
Rhd1 Re8 21. f4 Bf8 22. R6d3 e5 23. Nc4 exf4 24. Bc7 Ra8 25. Bxf4 Be6 26.
Nb6 Ra7 27. Nd5 Bxd5 28. exd5 Nb4 29. Rb3 Rc8 30. c3 a5 31. Kb1 Na6 32. d6
Nc5 33. Rb5 Nxa4 34. d7 Rd8 35. Bc7 Be7 36. Re5 Kf8 37. Bxd8 Bxd8 38. Re8+
Kg7 39. Rxd8 b5 40. Rb8 Nc5 41. d8=Q b4 42. Qh8# {Black checkmated} 1-0

[Event "ICCopen2017"]
[Site "Internet Chess Club"]
[Date "2017.03.19"]
[Round "11"]
[White "kaens"]
[Black "Kastor"]
[Result "1-0"]
[ICCResult "Black checkmated"]
[WhiteElo "2325"]
[BlackElo "2761"]
[Opening "Sicilian: closed"]
[ECO "B23"]
[NIC "SI.44"]
[Time "21:15:08"]
[TimeControl "180+0"]

1. e4 c5 2. Nc3 d6 3. f4 g6 4. Nf3 Bg7 5. g3 Nc6 6. Bg2 e6 7. d3 Nge7 8. O-O
Rb8 9. Be3 Nd4 10. Qd2 Nec6 11. h3 O-O 12. g4 b5 13. Nd1 b4 14. c3 bxc3 15.
bxc3 Nxf3+ 16. Bxf3 Bd7 17. Nf2 f5 18. d4 cxd4 19. cxd4 Na5 20. Rac1 Bb5 21.
Rfe1 Nc4 22. Qc3 Rc8 23. exf5 gxf5 24. gxf5 Nxe3 25. Qxe3 Rxc1 26. Qxe6+ Kh8
27. Rxc1 Bxd4 28. Kg2 Bxf2 29. Kxf2 Qh4+ 30. Kg2 Rg8+ 31. Bg4 Rxg4+ 32. hxg4
Qxg4+ 33. Kh1 Qf3+ 34. Kg1 Qg3+ 35. Kh1 Qh4+ 36. Kg1 Qg3+ 37. Kh1 Bc6+ 38.
Rxc6 Qf3+ 39. Kh2 Qxc6 40. Qf6+ Kg8 41. Qe6+ Kf8 42. f6 Qc2+ 43. Kg3 Qg6+
44. Kf3 Qh5+ 45. Kf2 Qe8 46. Qxd6+ Kf7 47. f5 Qa8 48. Qe6+ Kf8 49. Qe7+ Kg8
50. Qg7# {Black checkmated} 1-0

[Event "ICCopen2017"]
[Site "Internet Chess Club"]
[Date "2017.03.19"]
[Round "11"]
[White "Chisel"]
[Black "orac"]
[Result "1-0"]
[ICCResult "Black forfeits on time"]
[WhiteElo "1747"]
[BlackElo "1588"]
[Opening "Vienna game, Max Lange defense"]
[ECO "C25"]
[NIC "VG.04"]
[Time "21:14:42"]
[TimeControl "180+0"]

1. e4 e5 2. Nc3 Nc6 3. Bc4 d6 4. d3 Be6 5. Nd5 Nge7 6. Nf3 g6 7. Bg5 Bg7 8.
Bf6 Bxf6 9. Nxf6+ Kf8 10. Qd2 Kg7 11. Qg5 Bxc4 12. dxc4 Ng8 13. Nh5+ Kf8 14.
Qxd8+ Rxd8 15. Ng3 Ke7 16. O-O Nf6 17. Rfe1 Rhe8 18. Rad1 Kf8 19. c3 Ne7 20.
c5 Nc8 21. cxd6 cxd6 22. Nd2 Nb6 23. c4 h5 24. b3 h4 25. Ngf1 Nh5 26. f3 Nf4
27. Ne3 Ne6 28. Nd5 Nxd5 29. exd5 Nd4 30. Ne4 b6 31. f4 exf4 32. Rxd4 Kg7
33. Red1 Re5 34. Nf2 g5 35. Ng4 Re2 36. R1d2 Rde8 37. Kf1 Re1+ 38. Kf2 f5
39. b4 fxg4 40. c5 dxc5 41. bxc5 bxc5 42. R4d3 R1e3 43. d6 Rxd3 44. Rxd3 Rd8
45. d7 Kf6 46. Rd5 g3+ 47. hxg3 fxg3+ 48. Kf3 c4 49. Ke3 c3 50. Kd3 g4 51.
Kxc3 h3 52. Rd6+ Ke5 53. Rd2 h2 54. Rd1 Rxd7 55. Re1+ {Black forfeits on
time} 1-0

[Event "ICCopen2017"]
[Site "Internet Chess Club"]
[Date "2017.03.19"]
[Round "11"]
[White "Massada"]
[Black "Eigeneier"]
[Result "0-1"]
[ICCResult "White forfeits on time"]
[WhiteElo "1484"]
[BlackElo "1722"]
[Opening "Sicilian: Anderssen variation"]
[ECO "B41"]
[NIC "SI.41"]
[Time "21:14:29"]
[TimeControl "180+0"]

1. e4 c5 2. Nf3 e6 3. d4 cxd4 4. Nxd4 Nf6 5. Bd3 Nc6 6. c3 a6 7. O-O Qc7 8.
Bg5 Be7 9. Nd2 h6 10. Bh4 O-O 11. Bg3 d6 12. N2f3 Bd7 13. Re1 Ne5 14. Bc2 b5
15. Nd2 Rfd8 16. f4 Nc4 17. e5 dxe5 18. fxe5 Nd5 19. Ne4 Nde3 20. Qc1 Nxc2
21. Qxc2 Rac8 22. Rf1 Nxe5 23. Qf2 f5 24. Nf3 Nxf3+ 25. gxf3 Qc6 26. Be5
fxe4 27. Qg3 g5 28. h4 Qc5+ 29. Kh1 Rc6 30. f4 Bd6 31. hxg5 Bxe5
{White forfeits on time}
0-1

[Event "ICCopen2017"]
[Site "Internet Chess Club"]
[Date "2017.03.19"]
[Round "11"]
[White "zelog"]
[Black "allmight"]
[Result "0-1"]
[ICCResult "White forfeits on time"]
[WhiteElo "2028"]
[BlackElo "1973"]
[Opening "English opening"]
[ECO "E62"]
[NIC "KI.72"]
[Time "21:14:17"]
[TimeControl "180+0"]

1. c4 g6 2. g3 Bg7 3. Bg2 Nf6 4. Nf3 O-O 5. O-O d6 6. d4 Nc6 7. Nc3 Bd7 8.
e4 Bg4 9. h3 Bxf3 10. Bxf3 Nd7 11. Be3 e5 12. d5 Nd4 13. Bg2 c5 14. dxc6
bxc6 15. Qd2 Rb8 16. b3 f5 17. exf5 gxf5 18. Rad1 c5 19. Nd5 Nf6 20. Bg5 Qd7
21. Bxf6 Bxf6 22. h4 f4 23. gxf4 Qg4 24. f3 Qxh4 25. Qf2 Qh6 26. fxe5 Bxe5
27. f4 Kh8 28. Qe3 Bg7 29. Rd2 Nf5 30. Qh3 Qg6 31. Kh2 Rbe8 32. Rg1 Qf7 33.
Bf3 Re6 34. Rdg2 Rh6 35. Qxh6 Bxh6 36. Bg4 Ne3 37. Nxe3 Bxf4+ 38. Kh3 Bxe3
39. Re1 h5 40. Rxe3 hxg4+ 41. Rxg4 Qf1+ 42. Kh4 Qh1+ 43. Rh3 Qe1+ 44. Kh5
Rf7 45. Kg6+ Kg8 46. Rh6 Qe5 47. Rg5 Rf6+ 48. Kh5+ Qxg5+ 49. Kxg5 Rxh6 50.
Kxh6 Kf7 51. Kg5 Ke6 52. Kf4 d5 {White forfeits on time} 0-1

[Event "ICCopen2017"]
[Site "Internet Chess Club"]
[Date "2017.03.19"]
[Round "11"]
[White "Balderdash"]
[Black "mijail58"]
[Result "0-1"]
[ICCResult "White forfeits on time"]
[WhiteElo "1122"]
[BlackElo "1476"]
[Opening "Caro-Kann: advance variation"]
[ECO "B12"]
[NIC "CK.02"]
[Time "21:15:20"]
[TimeControl "180+0"]

1. e4 c6 2. d4 d5 3. e5 c5 4. Nf3 Nc6 5. Bb5 cxd4 6. Nxd4 Qb6 7. Bxc6+ bxc6
8. Nc3 e6 9. Be3 Qxb2 10. Bd2 Qb7 11. O-O Ne7 12. Rb1 Qc7 13. a4 Ba6 14. Re1
Bc4 15. a5 Ng6 16. Na4 Be7 17. Nb2 Ba6 18. Na4 c5 19. Nb5 Bxb5 20. Rxb5 Qc6
21. Qb1 O-O 22. Nc3 Qc7 23. a6 Rfb8 24. Qa2 Rxb5 25. Nxb5 Qb6 26. Rb1 Rb8
27. Ba5 Qxa6 28. Nc7 Rxb1+ 29. Qxb1 Qc8 30. Qb5 Bf8 31. Qc6 Nxe5 32. Qa6
Qxa6 33. Nxa6 c4 34. Bc7 Nc6 35. Bf4 e5 36. Bg5 f6 37. Bh4 Bd6
{White forfeits on time}
0-1

[Event "ICCopen2017"]
[Site "Internet Chess Club"]
[Date "2017.03.19"]
[Round "11"]
[White "fishmaster"]
[Black "BoldPlan"]
[Result "1/2-1/2"]
[ICCResult "Game drawn because neither player has mating material"]
[WhiteElo "1783"]
[BlackElo "1815"]
[Opening "Alekhine's defense: exchange variation"]
[ECO "B03"]
[NIC "AL.08"]
[Time "21:14:34"]
[TimeControl "180+0"]

1. e4 Nf6 2. e5 Nd5 3. d4 d6 4. c4 Nb6 5. exd6 cxd6 6. Nf3 g6 7. Nc3 Bg7 8.
h3 O-O 9. Be3 Nc6 10. Be2 e5 11. dxe5 dxe5 12. Qxd8 Rxd8 13. O-O Be6 14. Nd2
Nd4 15. b3 Nc2 16. Rad1 Nxe3 17. fxe3 Bh6 18. Kf2 f5 19. Nf3 e4 20. Nd4 Bf7
21. g4 Rf8 22. gxf5 gxf5 23. Rg1+ Kh8 24. Rg3 Bg6 25. Kg2 Rae8 26. Rf1 Nd7
27. Nd5 Ne5 28. Nf4 Bxf4 29. Rxf4 Re7 30. h4 h5 31. Rg5 Rh7 32. Ne6 Rf6 33.
Nd4 Ng4 34. Bxg4 hxg4 35. Nxf5 Bxf5 36. Rgxf5 Rxf5 37. Rxf5 Rxh4 38. Kg3
Rh3+ 39. Kxg4 Rxe3 40. Kf4 Re2 41. Re5 Rxa2 42. Rxe4 Rb2 43. Re8+ Kg7 44.
Re7+ Kf6 45. Rxb7 Rf2+ 46. Ke3 Rh2 47. Rxa7 Rh3+ 48. Kd4 Rxb3 49. Rd7 Ke6
50. Rd5 Rb1 51. Kc5 Rc1 52. Rd6+ Ke7 53. Rd4 Rb1 54. Kd5 Rb7 55. c5 Rd7+ 56.
Kc4 Ra7 57. Kb5 Rb7+ 58. Kc6 Ra7 59. Rb4 Kd8 60. Rb6 Rc7+ 61. Kb5 Kd7 62.
c6+ Kd6 63. Rb7 Rxc6 64. Rb6 Rxb6+ 65. Kxb6
{Game drawn because neither player has mating material}
1/2-1/2